Map: Darkness Sanctuary LE

Players

Marzbar - Winner!

  • Race: Zerg Zerg
  • League: Diamond
  • Spawn Location: 7:00

Kruver

  • Race: Zerg Zerg
  • League: Diamond
  • Spawn Location: 11:00

VOD

Have the link to the VOD?

Description

Time

  • Played on: June 19, 2018, 12:56 p.m.
  • Length: 12:09
Show
View Real Time Build Order
Export as new Build Order

Marzbar Zerg - Winner!

Build Orders: Hatch First, Lurkers 

Get SALT Encoding   

  12  0:01  Drone  
  13  0:14  Overlord  
  13  0:17  Drone  
  14  0:33  Drone x2  
  16  0:39  Drone  
  17  0:54  Hatchery  
  17  0:56  Drone  
  17  0:59  Drone  
  17  1:02  Extractor  
  17  1:17  Spawning Pool  
  16  1:20  Drone  
  16  1:23  Drone  
  18  1:35  Drone  
  19  1:40  Overlord  
  19  1:56  Drone  
  20  2:05  Queen  
  20  2:06  Zergling x2, Queen  
  20  2:07  Zergling x2  
  26  2:14  Metabolic Boost  
  26  2:17  Drone  
  26  2:22  Drone  
  28  2:28  Drone x2  
  30  2:36  Drone  
  31  2:57  Drone  
  32  2:58  Drone  
  32  2:59  Overlord  
  32  3:03  Hatchery  
  32  3:07  Drone  
  32  3:08  Drone x2  
  32  3:10  Drone  
  36  3:15  Overlord  
  36  3:18  Drone  
  38  3:20  Drone  
  38  3:27  Drone  
  38  3:28  Drone x2  
  41  3:34  Baneling Nest  
  41  3:40  Drone  
  41  3:41  Drone x3  
  44  3:50  Zergling x10  
  44  3:52  Drone  
  44  3:53  Drone  
  49  4:04  Extractor  
  48  4:11  Drone  
  48  4:12  Overlord, Drone x2  
  48  4:15  Roach Warren  
  48  4:16  Queen  
  52  4:20  Overlord  
  52  4:21  Zergling x2  
  52  4:22  Zergling x8  
  57  4:27  Baneling  
  57  4:28  Baneling x2  
  54  4:40  Overlord, Zergling x6  
  54  4:41  Drone  
  54  4:42  Drone  
  59  4:53  Zergling x2, Evolution Chamber  
  59  4:54  Zergling x8  
  62  5:13  Baneling x2  
  62  5:14  Zergling x6  
  58  5:34  Roach  
  58  5:35  Roach x11  
  80  5:36  Overlord  
  80  5:40  Zerg Missile Weapons Level 1, Lair  
  80  5:44  Drone  
  81  5:56  Spore Crawler  
  80  5:57  Spore Crawler  
  80  6:01  Drone x5  
  80  6:02  Evolution Chamber  
  80  6:03  Baneling x5  
  83  6:14  Overlord x2  
  83  6:15  Overlord  
  83  6:18  Extractor  
  83  6:21  Extractor, Queen  
  83  6:22  Extractor, Queen  
  83  6:36  Unknown  
  83  6:37  Roach x9  
  94  7:02  Roach x3  
  94  7:03  Roach x3  
  98  7:15  Drone  
  98  7:16  Drone x8  
  98  7:20  Extractor  
  97  7:25  Glial Reconstitution  
  97  7:28  Drone x3  
  86  7:45  Zerg Missile Weapons Level 2  
  81  7:54  Drone x7  
  81  7:55  Drone x4  
  84  8:11  Roach  
  86  8:14  Zerg Ground Armor Level 1  
  86  8:18  Hydralisk Den, Drone x3  
  86  8:19  Drone  
  89  8:27  Hatchery  
  89  8:30  Roach  
  89  8:31  Roach x10  
  110  8:41  Hatchery  
  109  8:49  Ravager x2  
  109  8:50  Hydralisk  
  109  8:51  Unknown  
  109  8:54  Unknown  
  113  9:00  Overlord x3  
  113  9:10  Lurker Den  
  113  9:22  Spine Crawler  
  113  9:23  Spine Crawler x2, Hydralisk  
  109  9:24  Spine Crawler, Hydralisk x13  
  136  9:39  Grooved Spines  
  136  9:40  Hydralisk  
  136  9:41  Hydralisk x2  
  142  9:52  Overlord  
  142  9:53  Overlord x2  
  142  10:10  Hydralisk x9  
  142  10:11  Hatchery  
  142  10:13  Overseer  
  159  10:27  Hydralisk  
  159  10:28  Hydralisk x4  
  155  10:35  Hydralisk x2  
  127  10:36  Zergling x2  
  127  10:37  Zergling x8  
  130  10:50  Muscular Augments  
  130  11:00  Lurker x2  
  130  11:01  Lurker x2  
  130  11:03  Drone x6  
  140  11:11  Hydralisk x4  
  148  11:24  Drone x6  
  154  11:36  Spore Crawler  
  154  11:38  Spore Crawler  
  154  11:39  Hatchery  
  151  11:40  Extractor  
  151  11:43  Extractor  
Show
View Real Time Build Order
Export as new Build Order

Kruver Zerg 

Build Orders: Hatch First 

Get SALT Encoding   

  12  0:03  Drone  
  13  0:15  Overlord  
  13  0:19  Drone  
  14  0:34  Drone x2  
  16  0:39  Drone  
  17  0:51  Drone  
  18  1:03  Hatchery, Drone  
  18  1:09  Drone  
  19  1:20  Extractor  
  19  1:22  Spawning Pool, Drone  
  18  1:35  Drone  
  19  1:47  Drone  
  20  1:57  Drone  
  21  2:09  Hatchery, Queen  
  22  2:16  Queen  
  22  2:18  Drone  
  22  2:19  Drone  
  26  2:25  Overlord  
  26  2:29  Drone  
  27  2:31  Drone  
  28  2:38  Metabolic Boost  
  28  2:44  Zergling x2  
  28  2:48  Drone  
  28  2:49  Drone  
  31  2:51  Drone  
  31  2:57  Overlord  
  32  3:07  Drone  
  33  3:13  Baneling Nest, Drone x2  
  34  3:21  Drone x4  
  34  3:22  Drone  
  38  3:29  Zergling x2  
  38  3:30  Zergling x6  
  42  3:34  Queen  
  44  3:42  Zergling x4  
  44  3:43  Zergling x2  
  44  3:46  Extractor  
  45  3:56  Drone x2  
  45  3:57  Drone x3  
  50  4:04  Overlord x3  
  50  4:12  Roach Warren  
  49  4:17  Zergling x2  
  49  4:22  Baneling x2  
  49  4:23  Baneling x3  
  50  4:25  Zergling x10  
  54  4:39  Zergling x2  
  54  4:40  Baneling x2, Zergling x2  
  54  4:42  Drone x4  
  60  4:47  Extractor  
  60  4:48  Extractor, Lair  
  58  4:57  Extractor  
  55  5:11  Zergling x6  
  52  5:19  Roach  
  52  5:20  Roach x2  
  52  5:21  Zergling x4  
  50  5:35  Baneling x2  
  50  5:36  Roach x2  
  50  5:37  Drone x3  
  50  5:38  Drone x5  
  62  5:53  Drone x5  
  67  5:58  Glial Reconstitution  
  67  6:05  Spine Crawler  
  67  6:09  Overseer  
  66  6:11  Drone  
  66  6:12  Drone x2  
  66  6:15  Drone x4  
  66  6:17  Overlord x4  
  73  6:37  Roach x2  
  73  6:38  Zergling x6, Roach x3  
  73  6:39  Zergling x2  
  67  7:01  Roach x4  
  65  7:13  Roach x3  
  65  7:14  Zergling x4, Roach  
  66  7:23  Zergling x4  
  66  7:29  Roach x3  
  69  7:39  Roach x2  
  69  7:40  Queen, Roach  
  74  7:46  Zergling x2  
  69  7:52  Zergling x2  
  69  7:53  Zergling x2  
  69  7:56  Spire  
  66  7:59  Zergling x4  
  68  8:07  Ravager x2  
  68  8:08  Ravager  
  71  8:14  Drone x8  
  79  8:25  Zergling x8  
  83  8:31  Drone x3  
  83  8:32  Extractor  
  85  8:39  Overseer  
  85  8:43  Zergling x4  
  85  8:44  Zergling x2  
  88  8:58  Overlord x4  
  88  8:59  Overlord x3  
  88  9:08  Spine Crawler  
  87  9:10  Mutalisk x2, Spine Crawler x2  
  87  9:11  Mutalisk x3  
  87  9:12  Spine Crawler  
  94  9:17  Zerg Flyer Weapons Level 1  
  94  9:26  Mutalisk x4  
  102  9:36  Baneling Nest  
  101  9:38  Mutalisk  
  101  9:39  Zergling x2  
  101  9:40  Zergling x10  
  109  9:55  Mutalisk x2  
  109  9:56  Zergling x2  
  109  9:57  Zergling x6  
  117  10:00  Hatchery  
  116  10:09  Zergling x8  
  116  10:11  Baneling x6  
  116  10:12  Baneling x2  
  116  10:13  Zergling x2  
  67  10:38  Zergling x6  
  67  10:39  Zergling x10  
  69  10:56  Mutalisk x2  
  69  10:57  Mutalisk x4  
  71  10:59  Drone  
  71  11:00  Drone x2  
  84  11:10  Infestation Pit  
  83  11:13  Drone  
  83  11:14  Drone x3  
  83  11:15  Evolution Chamber  
  86  11:18  Mutalisk x2  
  90  11:27  Drone x3  
  90  11:28  Drone  
  94  11:34  Overseer  
  94  11:42  Baneling x3  
  94  11:43  Baneling x2  
  94  11:48  Overseer  
  94  11:49  Roach x2  
  94  11:50  Roach x3  
Tags
 
Add a new tag
Caveats
  • Supply blocks, unpowered buildings, or Contaminate may cause inaccurate times.
  • Supply counts are checked every 10 seconds.